Map: Kairos Junction LE

Players

Lambo - Winner!

  • Race: Zerg Zerg
  • League: Master
  • Spawn Location: 5:00

Zanster

  • Race: Zerg Zerg
  • Spawn Location: 11:00

VOD

Have the link to the VOD?

Description

Time

  • Played on: Jan. 24, 2019, 3:20 p.m.
  • Length: 9:16
Show
View Real Time Build Order
Export as new Build Order

Lambo Zerg - Winner!

Build Orders: Hatch First 

Get SALT Encoding   

  12  0:01  Drone  
  13  0:13  Overlord  
  13  0:17  Drone  
  14  0:32  Drone x2  
  16  0:47  Hatchery  
  15  0:51  Drone  
  15  0:55  Drone  
  17  0:58  Drone  
  18  1:08  Extractor  
  17  1:13  Spawning Pool  
  17  1:17  Drone  
  17  1:20  Drone  
  18  1:28  Drone  
  20  1:40  Drone  
  20  1:52  Drone  
  21  1:59  Drone  
  21  2:00  Queen x2  
  26  2:02  Overlord  
  26  2:09  Metabolic Boost  
  26  2:10  Drone  
  26  2:12  Drone  
  28  2:21  Drone  
  30  2:22  Zergling x2  
  30  2:33  Hatchery  
  30  2:34  Drone  
  30  2:38  Drone  
  30  2:43  Drone  
  32  2:46  Evolution Chamber  
  32  2:47  Overlord  
  31  2:53  Drone  
  31  2:57  Drone  
  33  3:04  Drone  
  34  3:06  Drone  
  34  3:08  Drone x2  
  34  3:10  Drone x3  
  40  3:12  Zerg Missile Weapons Level 1  
  40  3:16  Overlord  
  40  3:20  Drone  
  40  3:21  Drone  
  42  3:30  Extractor, Queen  
  42  3:33  Zergling x2  
  44  3:37  Roach Warren  
  44  3:39  Zergling x4  
  44  3:40  Zergling x2  
  46  3:43  Drone x2  
  46  3:45  Drone  
  46  3:48  Drone, Extractor  
  49  3:49  Drone  
  49  3:51  Drone  
  51  3:57  Drone  
  51  3:58  Drone x2  
  51  4:00  Overlord  
  54  4:03  Drone  
  54  4:09  Drone x2  
  57  4:11  Lair  
  57  4:12  Overlord  
  57  4:16  Drone  
  58  4:27  Overlord  
  58  4:29  Roach x4  
  68  4:31  Roach x2  
  68  4:37  Roach  
  72  4:41  Roach  
  72  4:43  Overlord  
  73  4:46  Roach  
  73  4:47  Roach x3  
  81  4:52  Overlord  
  81  4:56  Overlord  
  81  5:03  Roach x3  
  81  5:04  Drone x3  
  81  5:06  Overlord  
  90  5:12  Drone  
  90  5:13  Zerg Missile Weapons Level 2  
  88  5:16  Drone x4  
  88  5:19  Extractor  
  90  5:22  Drone x4  
  90  5:25  Glial Reconstitution  
  96  5:28  Roach  
  96  5:33  Roach x2  
  96  5:34  Roach  
  102  5:39  Extractor, Roach x2  
  102  5:40  Roach  
  107  5:46  Roach x2  
  107  5:47  Roach  
  113  5:55  Overlord  
  113  5:57  Pneumatized Carapace  
  113  5:58  Overlord  
  113  6:02  Overlord  
  113  6:07  Drone  
  113  6:08  Extractor, Overlord  
  113  6:11  Zergling x2  
  113  6:14  Overlord  
  113  6:15  Roach x4  
  113  6:17  Overseer  
  122  6:22  Roach x6  
  122  6:24  Drone x2  
  137  6:25  Drone  
  137  6:29  Overlord  
  141  6:32  Roach  
  141  6:33  Roach  
  141  6:39  Overlord  
  141  6:43  Roach x3  
  141  6:46  Overlord  
  146  6:55  Roach x2  
  146  6:56  Roach x2  
  146  6:59  Roach x3  
  146  7:00  Roach  
  162  7:02  Overlord  
  162  7:03  Ravager x3  
  162  7:05  Overlord  
  165  7:09  Roach x3  
  165  7:13  Roach  
  173  7:16  Roach x2  
  173  7:21  Overlord  
  173  7:22  Roach x2  
  181  7:26  Roach x3  
  187  7:30  Roach x2  
  191  7:42  Roach x4  
  193  7:48  Roach  
  169  7:56  Roach x6  
  153  7:59  Roach  
  153  8:00  Roach x3  
  153  8:04  Roach x2  
  151  8:09  Drone  
  151  8:10  Drone  
  151  8:11  Drone x2  
  155  8:17  Hatchery  
  155  8:19  Ravager  
  156  8:20  Ravager  
  156  8:27  Ravager  
  156  8:29  Roach x4  
  156  8:32  Overlord  
  165  8:35  Roach x3  
  165  8:36  Roach  
  165  8:38  Overseer  
  165  8:41  Ravager, Roach x2  
  178  8:49  Roach x4  
  178  8:52  Roach  
Show
View Real Time Build Order
Export as new Build Order

Zanster Zerg 

Build Orders: Hatch First 

Get SALT Encoding   

  12  0:01  Drone  
  13  0:13  Overlord  
  13  0:16  Drone  
  14  0:31  Drone x2  
  16  0:48  Hatchery  
  15  0:51  Drone  
  15  0:55  Drone  
  17  0:59  Drone  
  18  1:09  Extractor  
  17  1:14  Spawning Pool  
  17  1:16  Drone  
  17  1:19  Drone  
  18  1:29  Drone  
  19  1:39  Drone  
  20  1:50  Drone  
  21  2:00  Drone  
  22  2:01  Queen x2  
  22  2:02  Drone  
  27  2:11  Overlord  
  27  2:12  Drone  
  28  2:29  Drone x2  
  30  2:34  Drone, Overlord  
  31  2:37  Lair, Queen  
  33  2:46  Drone  
  33  2:47  Evolution Chamber, Drone  
  34  2:52  Roach Warren  
  34  2:57  Drone, Zergling x2  
  35  3:06  Drone x2  
  35  3:11  Drone x5  
  42  3:16  Zerg Missile Weapons Level 1  
  42  3:17  Drone  
  43  3:20  Drone  
  43  3:22  Overlord  
  43  3:26  Extractor  
  43  3:28  Drone  
  43  3:29  Extractor  
  43  3:31  Drone  
  44  3:36  Glial Reconstitution  
  44  3:41  Overlord  
  44  3:42  Drone x3  
  44  3:43  Drone  
  44  3:46  Drone  
  49  3:51  Drone  
  49  3:55  Roach  
  52  3:57  Overlord x2  
  52  4:05  Roach  
  52  4:06  Roach  
  56  4:15  Roach x4  
  56  4:16  Overlord  
  64  4:19  Roach  
  66  4:25  Roach x2  
  66  4:29  Overlord  
  70  4:35  Roach  
  72  4:41  Hatchery  
  72  4:44  Roach x4  
  79  4:47  Overlord  
  79  4:54  Roach x3  
  85  5:03  Roach x2  
  85  5:07  Overlord  
  86  5:15  Evolution Chamber  
  86  5:16  Extractor  
  86  5:18  Drone x5  
  86  5:21  Drone  
  90  5:22  Zerg Missile Weapons Level 2  
  90  5:24  Drone x2  
  90  5:27  Overlord  
  92  5:32  Drone  
  93  5:39  Overlord  
  93  5:42  Drone  
  94  5:43  Zerg Ground Armor Level 1  
  94  5:45  Overseer  
  94  5:51  Roach  
  94  5:52  Roach x3  
  102  5:57  Roach x2  
  102  6:00  Roach  
  102  6:01  Roach  
  110  6:04  Drone x2  
  110  6:09  Overlord  
  112  6:18  Roach x5  
  122  6:19  Roach  
  122  6:22  Overlord  
  124  6:26  Overlord  
  124  6:28  Overlord  
  124  6:31  Roach  
  124  6:32  Roach  
  128  6:38  Roach x3  
  134  6:41  Roach  
  134  6:44  Roach x2  
  134  6:46  Roach  
  142  6:50  Roach  
  142  6:51  Roach  
  142  6:53  Overlord  
  146  6:56  Roach  
  146  6:57  Roach  
  146  7:01  Roach x2  
  154  7:03  Roach  
  154  7:04  Roach  
  154  7:06  Ravager x2  
  160  7:08  Overlord  
  160  7:11  Roach  
  160  7:13  Overlord  
  160  7:15  Overlord  
  162  7:23  Ravager x2  
  162  7:25  Roach x2  
  162  7:28  Roach  
  162  7:29  Drone x5  
  175  7:31  Extractor, Drone  
  175  7:32  Drone  
  175  7:34  Drone  
  177  7:39  Roach x2  
  146  7:53  Roach  
  146  7:54  Roach x7  
  146  7:58  Roach x2  
  134  8:04  Drone  
  134  8:05  Drone x3  
  117  8:06  Roach x2  
  117  8:11  Roach  
  123  8:14  Roach  
  123  8:15  Ravager  
  123  8:17  Roach  
  123  8:19  Roach  
  130  8:27  Roach x5  
  140  8:36  Roach  
  140  8:37  Ravager  
  140  8:38  Ravager  
  144  8:42  Roach x2  
  144  8:45  Hatchery  
  147  8:55  Roach  
  145  8:56  Roach x5  
  145  8:58  Ravager  
Tags
 
Add a new tag
Caveats
  • Supply blocks, unpowered buildings, or Contaminate may cause inaccurate times.
  • Supply counts are checked every 10 seconds.